 Dungeon Crawl Stone Soup version 0.31-a0-819-gf6de2f5ab6 (webtiles) character file.

Game seed: 10217318406098658223

20 TheScarfBastard the Trooper (level 2, 0/27 HPs)
             Began as a Draconian Berserker on Sept 23, 2023.
             Was a Follower of Trog.
             Slain by an orc
             ... wielding a +0 whip
              (1 damage)
             ... on level 2 of the Dungeon.
             The game lasted 00:02:50 (598 turns).

TheScarfBastard the Trooper (Draconian Berserker)    Turns: 598, Time: 00:02:51

Health: 0/27       AC:  4    Str: 19    XL:     2   Next: 58%
Magic:  2/2        EV: 12    Int:  7    God:    Trog [*.....]
Gold:   28         SH:  0    Dex: 10    Spells: 1/1 levels left

rFire   . . .        a - +0 falchion
rCold   . . .        (no shield)
rNeg    . . .        (body armour unavailable)
rPois   .            (helmet restricted)
rElec   .            (no cloak)
rCorr   .            (no gloves)
SInv    .            (no boots)
Will    .....        (no amulet)
Stlth   +            (no ring)
HPRegen 0.24/turn    (no ring)
MPRegen 0.08/turn

%: no passive effects
@: on berserk cooldown, slowed, very slow
A: AC +4, unfitting armour, cold-blooded
a: Renounce Religion, Berserk


You were on level 2 of the Dungeon.
You worshipped Trog.
Trog was aware of your devotion.
You visited 1 branch of the dungeon, and saw 2 of its levels.

You collected 28 gold pieces.

Inventory:

Hand Weapons
 a - a +0 falchion (weapon)
Scrolls
 d - a scroll of blinking
 e - a scroll of teleportation
 f - a scroll of butterflies {unknown}
Potions
 c - a potion of curing


   Skills:
 + Level 3.7 Fighting
 + Level 3.4 Long Blades
 + Level 2.9 Dodging


You had one spell level left.
You didn't know any spells.
Your spell library was empty.

Dungeon Overview and Level Annotations

Branches:
Dungeon (2/15)

Altars:


Innate Abilities, Weirdness & Mutations

Your plain brown scales are hard. (AC +4)
You cannot fit into any form of body armour.
You are cold-blooded and may be slowed by cold attacks.


Message History

You feel a strong urge to attack something.
You feel your anger nearly subside.
You are no longer berserk.
You are exhausted.
You feel yourself slow down.
You completely miss the orc. The orc hits you with a +0 short sword.
An orc comes into view. It is wielding a +0 whip.
The orc hits you but does no damage.
The orc shouts!
You hit the orc but do no damage. The orc completely misses you. x2
You hit the orc but do no damage. The orc hits you with a +0 short sword.
You hit the orc but do no damage.
Your tail-slap misses the orc.
The orc hits you with a +0 short sword. The orc closely misses you.
You hit the orc but do no damage. The orc hits you but does no damage.
You closely miss the orc. The orc hits you with a +0 short sword.
The orc misses you. The orc hits you with a +0 short sword. The orc misses you.
You hit the orc but do no damage. The orc closely misses you.
The orc hits you but does no damage. The orc closely misses you.
The orc hits you but does no damage.
You barely miss the orc. The orc barely misses you.
The orc hits you with a +0 short sword.
You barely miss the orc. The orc hits you with a +0 short sword.
The orc hits you with a +0 whip. The orc closely misses you.
The orc completely misses you.
You hit the orc.
The orc is lightly wounded.
The orc hits you with a +0 short sword. The orc hits you with a +0 whip.
The orc hits you with a +0 short sword. The orc hits you with a +0 whip.
You closely miss the orc.
The orc is lightly wounded.
The orc hits you with a +0 whip.
* * * LOW HITPOINT WARNING * * *
The orc hits you with a +0 short sword.
* * * LOW HITPOINT WARNING * * *
You closely miss the orc.
You tail-slap the orc, but do no damage.
The orc is lightly wounded.
The orc completely misses you. The orc hits you with a +0 whip.
* * * LOW HITPOINT WARNING * * *
The orc hits you with a +0 whip.
You die...

****** **,,,,,,,**,,,,,,,,,* *
##......,..##,**,***** **
#...........#***,* ,*****
**#....#โ‰ˆ#....#***,* ,,,,,*
*,+....โ‰ˆ_โ‰ˆ....+_**,*
,,,,,******#....#ยง#....#***,*
,,_,,,,,* #...!.......# *,*
,,,,,,,,* *#...oo....#****,*
,,,,,,,,*
*#..@....#*,,,,,*****
**,,,,,,*
###.....##****,,,*,,, **,,,,,*
#........# *,,,,,,,, ***,***
#...))...# **,,,*,** *,*
#.#...##.# **,**,* *****,*****
#.###?#*.# *,**,* *,,,,,,,,,*
#,* #.#*,# *,**,* *,***,***,*
#.###.##$# **+**,** *,* *,*
*,* #........# **,,,*,,,


You could see 2 orcs.

Vanquished Creatures
  2 orcs (D:2)
  A ball python (D:1)
  A bat (D:1)
  2 endoplasms (D:1)
  A giant cockroach (D:1)
  A goblin (D:1)
  A hobgoblin (D:2)
  2 kobolds
  2 quokkas (D:1)
  A rat (D:1)
14 creatures vanquished.

Notes
Turn   | Place    | Note
-------+----------+-------------------------------------------
     0 | D:1      | TheScarfBastard the Draconian Berserker began the quest for
                  | the Orb.
     0 | D:1      | Reached XP level 1. HP: 19/19 MP: 1/1
   320 | D:1      | Reached XP level 2. HP: 19/26 MP: 2/2
   598 | D:2      | HP: 1/27 [orc/+0 whip (3)]
   598 | D:2      | Slain by an orc

Illustrated notes

Levels and vault maps discovered:
D:1:      dpeg_arrival_stonehenge_8_columns, layout_loops_ring
D:2:      layout_loops_corners, hellmonk_ecumenical_altar_defaced_shrine,
          basic_altar, uniq_sigmund

Action                     || total
---------------------------++-------
  Melee: Falchion          ||    48
         Tailslap          ||     3
 Invoke: Berserk           ||     1
    Use: Scroll            ||     5
 Armour: Skin              ||    48
  Dodge: Dodged            ||    42

Table legend: (Time is in decaauts)
 A = Elapsed time spent in this place.
 B = Non-inter-level travel time spent in this place.
 C = Inter-level travel time spent in this place.
 D = Time resting spent in this place.
 E = Time spent auto-exploring this place.
 F = Levels seen in this place.
 G = Mean time per level.
                   A        B        C        D        E       F      G
               +--------+--------+--------+--------+--------+-----+--------+
         Total |    607 |    607 |      0 |      0 |      0 |   2 |  303.5 |
       Dungeon |    607 |    607 |      0 |      0 |      0 |   2 |  303.5 |
               +--------+--------+--------+--------+--------+-----+--------+

Top non-repeatable levels by time:
     D:1: 501 daAuts
     D:2: 106 daAuts
